 Dungeon Crawl Stone Soup version 0.18-a0-1523-gbe15c29 (webtiles) character file.

117 M4edhros the Insei (level 4, -1/35 HPs)
             Began as a Mummy Monk on Mar 7, 2016.
             Slain by FrancescoMac's ghost (2 damage)
             ... on level 3 of the Dungeon.
             The game lasted 00:04:05 (3000 turns).

M4edhros the Insei (Mummy Monk)                     Turns: 3000, Time: 00:04:05

Health: -1/35      AC:  0    Str: 14    XL:     4   Next: 71%
Magic:  4/4        EV: 13    Int:  9    God:
Gold:   65         SH:  0    Dex: 15    Spells: 0 memorised, 3 levels left

rFire  x . .     SeeInvis .       - Unarmed
rCold  + . .     Gourm    .     (no armour)
rNeg   + + +     Faith    .     (no shield)
rPois  ∞         Spirit   .     (no helmet)
rElec  .         Dismiss  .     (no cloak)
rCorr  .         Reflect  .     (no gloves)
SustAt .         Harm     .     (no boots)
MR     .....                    (no amulet)
Stlth  ++........               (no ring)
                                (no ring)

@: about to teleport, not resistant to hostile enchantments, unstealthy
A: no food or potions, fire vulnerability, cold resistance 1, negative energy
resistance 3, torment resistance, unbreathing
a: no special abilities


You were on level 3 of the Dungeon.
You were not hungry.

You visited 1 branch of the dungeon, and saw 3 of its levels.

You collected 65 gold pieces.

Inventory:

Scrolls
 b - a scroll of enchant weapon
 c - 4 scrolls of remove curse {unknown}
 e - a scroll of teleportation
Comestibles
 f - 2 bread rations


   Skills:
 - Level 3.0 Fighting
 - Level 2.4 Dodging
 - Level 1.5 Stealth
 + Level 5.1 Unarmed Combat


You had 3 spell levels left.
You didn't know any spells.

Dungeon Overview and Level Annotations

Branches:
Dungeon (3/15)

Altars:

Annotations:
D:2 1 exclusion
D:3 FrancescoMac's ghost, amateur DsGl


Innate Abilities, Weirdness & Mutations

You do not eat or drink.
Your flesh is vulnerable to fire.
You are immune to poison.
Your flesh is cold resistant.
You are immune to negative energy.
You are immune to unholy pain and torment.
You can survive without breathing.


Message History

Read which item? (? for menu, Esc to quit)
As you read the scroll labeled NERGHE RIBO, it crumbles to dust.
It is a scroll of enchant weapon.
You aren't carrying any weapons that can be enchanted.
The giant cockroach bites you.
* * * LOW HITPOINT WARNING * * *
FrancescoMac's ghost hits you.
* * * LOW HITPOINT WARNING * * *
Read which item? (? for menu, Esc to quit)
As you read the scroll labeled KANERU HABROOK, it crumbles to dust.
It is a scroll of enchant armour.
You aren't carrying any armour which can be enchanted further.
The giant cockroach misses you. FrancescoMac's ghost hits you.
* * * LOW HITPOINT WARNING * * *
The giant cockroach closely misses you.
Read which item? (? for menu, Esc to quit)
As you read the scroll labeled VEXESU SIUTIFA, it crumbles to dust.
You feel strangely unstable.
It was a scroll of teleportation.
FrancescoMac's ghost hits you.
You die...

..# #.. ..# #.# #.
#.## ..# #.#
#.##...## ).# #.#
#.#..... ..# #.#
#......
..########.###.....
.............# ...
## #####....(.#.#
#W# ..# ########.#
#@# ...# #.# #s#
###...# #.# #l#
.......
#.###g###>......
#.†.....s.......
#####..........#
########...# #


You could see FrancescoMac's ghost, a giant cockroach, a goblin and a giant
newt.

Vanquished Creatures
  Ijyb (D:2)
  4 adders
  3 dart slugs (D:1)
  A ball python (D:2)
  5 bats
  2 giant cockroaches
  7 goblins
  5 hobgoblins
  6 jackals
  4 kobolds
  2 quokkas (D:2)
  4 giant newts (D:1)
  3 rats
47 creatures vanquished.

Notes
Turn   | Place    | Note
--------------------------------------------------------------
     0 | D:1      | M4edhros the Mummy Monk began the quest for the Orb.
     0 | D:1      | Reached XP level 1. HP: 18/18 MP: 1/1
   401 | D:1      | Reached XP level 2. HP: 22/24 MP: 2/2
  1134 | D:1      | Reached skill level 4 in Unarmed Combat
  1288 | D:2      | Reached XP level 3. HP: 24/29 MP: 3/3
  1349 | D:2      | Noticed Ijyb
  2131 | D:2      | Reached XP level 4. HP: 35/35 MP: 4/4
  2485 | D:2      | Killed Ijyb
  2616 | D:2      | Reached skill level 5 in Unarmed Combat
  2993 | D:3      | Noticed FrancescoMac's ghost (amateur DsGl)
  2999 | D:3      | HP: 1/35 [FrancescoMac's ghost (1)]
  3000 | D:3      | Slain by FrancescoMac's ghost

Vault maps used:
D:1:      minmay_arrival_nine_rooms
D:2:      uniq_iyjb, uniq_crazy_yiuf_cottage
D:3:      fountainhead, kennysheep_generic_room_4

Skill      XL: |  1  2  3  4 |
---------------+-------------+-----
Unarmed Combat | 4 5 |  5.1
Fighting       | |  3.0
Dodging        | |  2.4
Stealth        | |  1.5

Action                   |  1- 3 |  4- 6 || total
-------------------------+-------+-------++-------
Melee: Unarmed           |   127 |    53 ||   180
  Use: Scroll            |       |     4 ||     4
 Stab: Sleeping          |     3 |     1 ||     4
       Distracted        |       |     1 ||     1
